Map: Seeds of Aiur

Players

Edward

  • Race: Terran Terran
  • League: Platinum
  • Spawn Location: 7:00

sryinoob

  • Race: Zerg Zerg
  • Spawn Location: 7:00

ILIEKEGGPIE - Winner!

  • Race: Protoss Protoss
  • League: Platinum
  • Spawn Location: 1:00

Noobinho - Winner!

  • Race: Protoss Protoss
  • League: Gold
  • Spawn Location: 1:00

VOD

Have the link to the VOD?

Description

Time

  • Played on: June 1, 2018, 8:43 p.m.
  • Length: 14:01
Show
View Real Time Build Order
Export as new Build Order

Edward Terran 

Build Orders:  

Get SALT Encoding   

  12  0:03  SCV  
  13  0:15  SCV  
  14  0:27  SCV  
  15  0:34  Supply Depot  
  15  0:56  SCV  
  16  0:58  Barracks  
  16  1:05  Barracks  
  16  1:10  Barracks  
  16  1:20  Barracks, SCV  
  17  1:33  Supply Depot  
  17  1:36  SCV  
  18  1:46  Marine  
  19  1:55  Marine  
  19  1:58  Marine  
  21  2:14  Marine  
  21  2:15  Marine x2  
  24  2:16  Marine  
  24  2:22  Supply Depot  
  25  2:32  Marine  
  25  2:33  Marine x2  
  25  2:34  Marine  
  29  2:50  Marine x2  
  29  2:51  Marine x2  
  32  2:57  SCV  
  34  3:07  Marine  
  34  3:08  Marine x2  
  34  3:09  Marine  
  38  3:17  Supply Depot  
  38  3:18  Orbital Command  
  38  3:25  Marine  
  39  3:38  Marine x3  
  42  3:43  Marine  
  43  3:56  Marine  
  44  4:04  Refinery  
  43  4:40  Marine  
  44  4:49  Refinery  
  43  5:04  Command Center  
  43  5:36  Marine  
  43  5:37  Marine x3  
  30  6:09  Barracks Tech Lab  
  30  6:17  SCV  
  31  6:20  SCV  
  32  6:26  Refinery  
  32  6:30  SCV  
  32  6:32  SCV  
  34  6:34  Combat Shields  
  34  6:35  Marine  
  34  6:36  Marine x3  
  34  6:37  Factory  
  37  6:42  SCV  
  37  6:44  SCV  
  39  6:53  Marine x2  
  39  6:54  Marine  
  42  6:58  Marine  
  42  6:59  Engineering Bay  
  42  7:11  Marine x3  
  42  7:15  SCV  
  42  7:20  SCV  
  43  7:27  SCV  
  44  7:32  Hi-Sec Auto Tracking  
  44  7:33  Missile Turret  
  44  7:34  SCV  
  45  7:37  Marine x4  
  45  7:39  SCV  
  50  7:46  SCV  
  52  7:51  SCV  
  52  7:53  Stimpack  
  52  7:55  Marine  
  54  7:58  SCV  
  54  8:00  Marine x2  
  54  8:03  SCV  
  54  8:05  Marine  
  58  8:12  Marine  
  59  8:27  Planetary Fortress  
  59  8:29  Building Armor  
  59  8:43  Marine  
  59  8:44  Marine x2  
  62  8:56  Missile Turret  
  62  9:09  Supply Depot  
  62  9:19  Supply Depot  
  62  9:24  Supply Depot  
  62  9:27  Starport  
  62  9:30  Marine x3  
  62  9:31  SCV  
  66  9:43  SCV  
  67  9:52  Marine x4  
  70  9:55  SCV  
  72  10:07  SCV  
  72  10:09  Terran Infantry Weapons Level 1  
  55  10:36  Marine x2  
  55  10:37  Marine x2  
  57  10:45  Starport Reactor  
  57  10:50  Supply Depot  
  57  10:52  Supply Depot  
  57  10:54  Marine x3  
  60  11:00  Marine  
  60  11:03  Cyclone  
  61  11:12  Marine x2  
  43  12:00  SCV  
  43  12:01  SCV  
  44  12:04  Terran Infantry Armor Level 1  
  42  12:13  SCV x2  
  44  12:19  Marine x3  
  44  12:20  Marine  
  48  12:25  SCV x2  
  50  12:32  Medivac x2  
  54  12:37  Marine x3, SCV  
  54  12:39  Marine  
  59  12:52  Missile Turret  
  59  12:55  Refinery, Marine x3  
  59  12:57  Marine  
  63  13:02  Medivac x2  
  59  13:13  Marine x2  
  59  13:14  Marine  
  59  13:15  Marine  
  53  13:32  Marine  
Show
View Real Time Build Order
Export as new Build Order

sryinoob Zerg 

Build Orders: Pool First 

Get SALT Encoding   

  12  0:03  Drone  
  13  0:13  Overlord  
  13  0:19  Drone  
  14  0:25  Extractor  
  13  0:30  Drone  
  13  0:33  Drone  
  15  0:36  Drone  
  16  0:48  Drone  
  17  0:59  Spawning Pool  
  17  1:02  Drone  
  17  1:09  Overlord  
  17  1:20  Drone  
  18  1:48  Hatchery, Zergling x4  
  18  1:52  Queen  
  21  2:02  Roach Warren  
  21  2:07  Drone  
  21  2:09  Drone  
  22  2:26  Drone  
  22  2:28  Queen  
  22  2:29  Drone  
  26  2:35  Overlord  
  26  2:41  Extractor  
  25  2:56  Drone x2  
  27  3:05  Drone  
  28  3:08  Roach x2  
  32  3:27  Roach  
  32  3:28  Roach  
  36  3:46  Overlord x2  
  36  3:50  Queen  
  36  3:55  Roach x2  
  42  4:26  Queen  
  44  4:42  Drone x7  
  44  4:43  Drone x5  
  56  5:00  Lair  
  56  5:07  Hatchery  
  54  5:36  Overlord x2  
  54  5:37  Overlord x5  
  53  5:53  Extractor  
  53  5:54  Extractor  
  53  5:55  Drone x5  
  53  5:56  Drone  
  53  6:16  Ravager  
  53  6:17  Ravager x3  
  57  6:29  Hydralisk Den  
  57  6:30  Glial Reconstitution  
  56  6:42  Drone x2  
  56  6:43  Drone x3  
  61  6:51  Roach x6  
  61  6:52  Roach x3  
  79  7:07  Grooved Spines  
  79  7:17  Hydralisk x5  
  79  7:18  Hydralisk  
  91  7:29  Overseer x2  
  91  7:48  Tunneling Claws  
  91  7:52  Hydralisk x2  
  91  7:53  Hydralisk x6  
  91  7:54  Hydralisk  
  104  8:19  Muscular Augments, Hydralisk x3  
  96  8:20  Hydralisk x3  
  96  8:21  Hydralisk  
  105  8:42  Hydralisk x5  
  115  9:17  Hatchery  
  67  10:06  Extractor  
  66  10:26  Spire  
  66  10:27  Spire  
  64  10:31  Infestation Pit  
  64  10:32  Drone x5  
  64  10:33  Drone x7  
  64  10:34  Drone x3  
  78  10:37  Queen  
  80  10:54  Spine Crawler  
  79  10:58  Spine Crawler x2  
  79  10:59  Spine Crawler  
  76  11:05  Spore Crawler  
  76  11:09  Spine Crawler  
  74  11:12  Queen  
  74  11:18  Spine Crawler  
  75  11:20  Spine Crawler  
  74  11:43  Mutalisk x4  
  74  11:44  Mutalisk x6  
  74  11:45  Mutalisk x6  
  73  12:35  Lurker Den  
  72  12:59  Hatchery  
Show
View Real Time Build Order
Export as new Build Order

ILIEKEGGPIE Protoss - Winner!

Build Orders: 1 Gate Expand 

Get SALT Encoding   

  12  0:01  Probe  
  13  0:14  Probe  
  14  0:19  Pylon  
  14  0:25  Probe  
  15  0:33  Probe  
  16  0:43  Gateway  
  16  0:48  Assimilator  
  16  0:53  Probe  
  17  1:03  Probe  
  17  1:11  Probe  
  19  1:21  Probe  
  20  1:30  Nexus  
  20  1:48  Cybernetics Core  
  20  1:57  Assimilator  
  20  2:04  Gateway  
  20  2:05  Pylon  
  20  2:07  Probe  
  21  2:16  Probe  
  22  2:24  Stalker, Probe  
  22  2:26  Warp Gate  
  25  2:33  Probe  
  26  2:42  Probe  
  27  2:46  Pylon  
  27  2:54  Gateway  
  27  2:55  Probe  
  28  3:01  Stalker  
  28  3:02  Probe  
  31  3:07  Probe  
  31  3:12  Stalker, Probe  
  35  3:23  Probe  
  36  3:32  Stalker  
  36  3:33  Probe  
  39  3:35  Probe  
  40  3:43  Stalker  
  42  3:51  Probe x2  
  44  3:56  Twilight Council, Pylon  
  44  4:03  Probe  
  44  4:09  Charge, Probe  
  45  4:12  Gateway  
  45  4:14  Assimilator  
  45  4:15  Probe  
  45  4:17  Probe  
  48  4:27  Probe  
  49  4:33  Stalker x3  
  55  4:42  Probe  
  56  4:47  Gateway  
  56  5:13  Zealot x3  
  62  5:17  Pylon  
  62  5:19  Pylon  
  62  5:21  Shield Battery  
  62  5:23  Shield Battery  
  62  5:34  Pylon  
  62  5:35  Probe  
  63  5:39  Pylon  
  63  5:40  Pylon  
  63  5:42  Sentry x2  
  67  5:43  Sentry  
  67  5:49  Pylon  
  69  6:04  Probe  
  70  6:12  Probe  
  70  6:14  Robotics Facility  
  70  6:16  Robotics Facility  
  71  6:20  Probe  
  71  6:23  Assimilator  
  72  6:27  Shield Battery  
  72  6:31  Shield Battery  
  72  6:41  Pylon  
  72  6:50  Nexus  
  72  6:51  Probe  
  72  6:53  Pylon  
  73  6:55  Pylon  
  73  7:00  Immortal  
  73  7:01  Immortal, Templar Archives  
  73  7:10  Forge  
  73  7:11  Forge  
  81  7:31  Probe  
  81  7:32  Probe  
  83  7:40  Shield Battery  
  83  7:42  Shield Battery  
  83  7:43  Probe  
  84  7:45  Assimilator  
  84  7:49  Assimilator  
  84  7:55  High Templar x2  
  84  7:56  Zealot x2  
  84  7:57  Zealot  
  84  7:58  Immortal  
  98  8:02  Archon  
  98  8:20  Gateway x2  
  98  8:21  Gateway  
  98  8:23  Gateway, Immortal  
  98  8:25  Gateway, Protoss Ground Armor Level 1, Protoss Ground Weapons Level 1  
  102  8:31  Zealot, High Templar x2  
  102  8:32  Zealot x2  
  111  8:41  Observer  
  111  8:50  Archon  
  111  8:54  Probe  
  112  8:56  Probe  
  89  9:44  Sentry  
  89  9:45  Stalker, Sentry x3  
  97  9:52  Immortal x2  
  107  10:00  Pylon  
  107  10:01  Pylon  
  107  10:02  Pylon  
  107  10:10  Probe x2  
  107  10:13  Probe  
  110  10:19  Zealot  
  112  10:21  Zealot  
  112  10:22  Zealot, Stalker x3, Probe  
  112  10:23  Stalker x3  
  112  10:24  Stalker  
  129  10:53  Gateway  
  129  10:54  Gateway  
  129  10:57  Gateway  
  129  11:02  Twilight Council  
  129  11:16  Pylon, Robotics Bay  
  129  11:18  Pylon  
  129  11:32  Nexus  
  129  11:35  High Templar x4, Pylon  
  129  11:36  Zealot x4, Assimilator  
  129  11:37  Zealot, Pylon  
  147  11:40  Archon  
  147  11:47  Assimilator  
  143  12:15  High Templar  
  143  12:16  High Templar x3  
  143  12:18  High Templar  
  143  12:19  High Templar x3  
  159  12:37  Archon x2  
  159  12:40  Archon x2  
  159  12:41  Stalker x4  
  154  13:13  Stalker x5  
  158  13:38  Stalker x5  
  158  13:39  Stalker  
Show
View Real Time Build Order
Export as new Build Order

Noobinho Protoss - Winner!

Build Orders:  

Get SALT Encoding   

  12  0:01  Probe  
  13  0:13  Probe  
  14  0:30  Pylon, Probe  
  15  0:48  Probe  
  15  0:56  Probe  
  16  0:59  Assimilator  
  17  1:13  Gateway  
  17  1:23  Nexus  
  17  1:28  Probe  
  18  1:36  Probe  
  18  1:39  Pylon  
  19  2:02  Zealot  
  19  2:08  Probe  
  22  2:09  Gateway  
  22  2:13  Assimilator  
  22  2:22  Forge  
  22  2:33  Pylon  
  22  2:35  Probe x2  
  24  2:58  Probe  
  24  3:01  Probe  
  24  3:02  Protoss Ground Weapons Level 1, Photon Cannon  
  26  3:06  Zealot  
  28  3:13  Probe  
  29  3:25  Cybernetics Core  
  29  3:30  Zealot  
  29  3:32  Zealot  
  32  3:49  Probe  
  32  3:50  Probe  
  34  3:57  Zealot  
  34  4:01  Probe x2  
  34  4:02  Zealot  
  40  4:05  Warp Gate  
  40  4:10  Probe  
  40  4:13  Probe  
  42  4:18  Probe  
  43  4:24  Sentry  
  43  4:25  Probe  
  43  4:29  Sentry  
  48  4:37  Robotics Facility  
  48  4:38  Pylon  
  48  4:41  Probe  
  48  4:42  Probe  
  48  4:44  Assimilator  
  50  4:50  Stalker  
  50  4:51  Probe  
  52  4:54  Probe  
  54  5:00  Stalker  
  54  5:06  Probe  
  48  5:26  Pylon  
  48  5:27  Observer  
  39  5:33  Stalker  
  37  5:50  Immortal  
  35  6:13  Robotics Facility  
  35  6:14  Probe  
  35  6:17  Zealot x2  
  40  6:26  Probe  
  41  6:38  Probe  
  42  6:45  Stalker  
  43  6:48  Zealot  
  43  6:51  Probe  
  46  7:01  Assimilator  
  46  7:03  Probe  
  47  7:29  Pylon  
  47  7:47  Immortal  
  51  7:55  Nexus  
  51  8:03  Zealot x2  
  53  8:15  Immortal  
  41  8:21  Pylon  
  41  8:32  Zealot  
  41  8:33  Zealot  
  39  8:47  Immortal  
  43  9:07  Sentry  
  37  9:27  Immortal  
  37  9:28  Stalker  
  38  9:54  Stalker x2  
  38  9:58  Probe  
  43  10:01  Probe  
  44  10:09  Probe  
  44  10:12  Probe  
  46  10:21  Zealot  
  48  10:24  Probe  
  49  10:29  Immortal  
  49  10:34  Stalker  
  55  10:55  Zealot  
  57  10:57  Zealot  
  53  11:26  Zealot x2  
  53  11:32  Twilight Council  
  56  11:35  Assimilator  
  56  11:36  Assimilator  
  29  12:16  Zealot x2  
  29  12:21  Probe  
  32  12:22  Gateway  
  32  12:24  Gateway, Probe  
  32  12:26  Gateway  
  32  12:27  Gateway  
  32  12:29  Probe  
  34  12:36  Probe  
  36  12:38  Probe  
  37  12:48  Probe  
  36  13:00  Probe  
  34  13:09  Stalker x2  
  37  13:39  Pylon  
Tags
 
Add a new tag
Caveats
  • Supply blocks, unpowered buildings, or Contaminate may cause inaccurate times.
  • Supply counts are checked every 10 seconds.